 Dungeon Crawl Stone Soup version 0.19.0-20-gbc5f0c6 (console) character file.

471 Jesseh the Chopper (level 6, -1/57 HPs)
             Began as a Deep Dwarf Fighter on Nov 17, 2016.
             Slain by an ogre
             ... wielding a +0 giant spiked club
              (19 damage)
             ... on level 4 of the Dungeon.
             The game lasted 00:21:40 (2842 turns).

Jesseh the Chopper (Deep Dwarf Fighter)             Turns: 2842, Time: 00:21:40

Health: -1/57      AC:  7    Str: 20    XL:     6   Next: 83%
Magic:  6/6        EV:  7    Int:  9    God:
Gold:   172        SH:  9    Dex: 13    Spells: 0 memorised, 5 levels left

rFire  . . .     SeeInvis .     a - +0 war axe
rCold  . . .     Gourm    .     b - +0 scale mail
rNeg   . . .     Faith    .     c - +0 shield
rPois  .         Spirit   .     (no helmet)
rElec  .         Reflect  .     (no cloak)
rCorr  .         Harm     .     (no gloves)
MR     .....                    (no boots)
Stlth  ..........               (no amulet)
                                (no ring)
                                (no ring)

@: non-regenerating
A: damage resistance, recharge devices, sense surroundings 1, slow regeneration
3
a: Device Recharging


You were on level 4 of the Dungeon.
You were not hungry.

You visited 1 branch of the dungeon, and saw 4 of its levels.

You collected 172 gold pieces.

Inventory:

Hand Weapons
 a - a +0 war axe (weapon)
 g - a +2 short sword of draining
   (You found it on level 4 of the Dungeon)
 r - a +0 hunting sling
   (You found it on level 2 of the Dungeon)
Missiles
 j - 36 sling bullets (quivered)
 s - 39 bolts
Armour
 b - a +0 scale mail (worn)
 c - a +0 shield (worn)
 m - a +0 ring mail
   (You found it on level 1 of the Dungeon)
Jewellery
 k - a cursed ring of teleportation {unknown}
   (You found it on level 1 of the Dungeon)
 y - an uncursed amulet of the gourmand {unknown}
   (You found it on level 3 of the Dungeon)
 B - an uncursed amulet of harm {unknown}
   (You found it on level 3 of the Dungeon)
Wands
 e - a wand of heal wounds (4/9)
Scrolls
 h - 2 scrolls of remove curse {unknown}
 t - a scroll of recharging {unknown}
 u - a scroll of enchant armour {unknown}
 v - a scroll of identify {unknown}
 x - a scroll of noise {unknown}
 A - a scroll of teleportation {unknown}
Potions
 d - 2 potions of might
 i - 2 potions of haste {unknown}
 l - 4 potions of heal wounds {unknown}
 n - a potion of mutation {unknown}
 q - 3 potions of agility {unknown}
 w - a potion of resistance {unknown}
 z - a potion of flight {unknown}
 E - a potion of beneficial mutation {unknown}
Comestibles
 f - a bread ration
 o - 3 fruits
 p - a slice of pizza
 C - 7 chunks of flesh
 D - a beef jerky


   Skills:
 + Level 4.1 Fighting
 * Level 6.0 Axes
 + Level 5.0 Armour
 - Level 3.2 Shields


You had 5 spell levels left.
You didn't know any spells.

Dungeon Overview and Level Annotations

Branches:
Dungeon (4/15)
 Temple: D:4-7

Altars:
Cheibriados
Nemelex Xobeh
Yredelemnul
Zin


Innate Abilities, Weirdness & Mutations

You are resistant to damage.
You can recharge devices by infusing magical energy.
You passively map a small area around you.
You do not regenerate.


Message History

The ogre hits you with a giant spiked club.
You slash the ogre!
You kill the ogre!
Your Fighting skill increases to level 4!
Found a stone staircase leading up.
Things that are here:
a giant spiked club; an ogre corpse You butcher the ogre corpse.
C - 5 chunks of flesh
Things that are here:
a giant spiked club; an ogre skeleton
There is a sparkling altar of Nemelex Xobeh here.
There is a fountain of sparkling water here.
A worker ant comes into view.
The worker ant twitches its antennae in your direction.
There is a stone staircase leading up here.
You closely miss the worker ant. The worker ant bites you.
You slash the worker ant! You block the worker ant's attack.
The worker ant bites you.
You barely miss the worker ant. The worker ant barely misses you.
You hit the worker ant. The worker ant bites you.
You are poisoned.
The worker ant poisons you! The worker ant bites you.
* * * LOW HITPOINT WARNING * * *
You closely miss the worker ant.
The worker ant bites you but does no damage.
The worker ant barely misses you.
You slash the worker ant!
You kill the worker ant!
You see here a worker ant corpse.
You butcher the worker ant corpse.
C - 7 chunks of flesh (gained 2)
You see here 16 stones.
You are no longer poisoned.
D - a beef jerky Eating one of 7 chunks of flesh.
You start eating one of the 7 chunks of flesh.
You are feeling hungry.
Found a stone staircase leading down.
You open the door.
Blork the orc comes into view.
He is wielding a short sword.
Found a stone staircase leading down.
There is an open door here.
Here: Blork the orc, wielding a short sword and wearing a robe The floor.
Blork the orc is nearby!
You slash Blork the orc! Blork the orc barely misses you.
Here: Blork the orc, wielding a short sword and wearing a robe (moderately wounded)
An open door, spattered with blood.
You slash Blork the orc! Blork the orc barely misses you.
Here: Blork the orc, wielding a short sword and wearing a robe (severely wounded)
An open door, spattered with blood.
You closely miss Blork the orc. You block Blork the orc's attack.
You hit Blork the orc but do no damage.
Blork the orc hits you with a short sword.
Blork the orc barely misses you.
You hit Blork the orc.
Blork the orc drinks a potion.
Blork the orc is healed!
Here: Blork the orc, wielding a short sword and wearing a robe (heavily wounded)
An open door, spattered with blood.
You closely miss Blork the orc.
Blork the orc hits you with a short sword.
* * * LOW HITPOINT WARNING * * *
You closely miss Blork the orc. You block Blork the orc's attack.
Your shield and scale mail prevent you from hitting Blork the orc.
Blork the orc hits you with a short sword.
Blork the orc begins to cast a cantrip, but forgets the words!
You slash Blork the orc! Blork the orc barely misses you.
Here: Blork the orc, wielding a short sword and wearing a robe (severely wounded)
An open door, spattered with blood.
You slash Blork the orc!
You kill Blork the orc!
Your Axes skill increases to level 6!
Your Armour skill increases to level 5!
There is an open door, spattered with blood here.
Things that are here:
a short sword; a robe; the orc corpse of Blork the orc You butcher the orc corpse of Blork the orc.
C - 7 chunks of flesh (gained 1)
There is an open door, spattered with blood here.
Things that are here:
a short sword; a robe
There is an open door, spattered with blood here.
Things that are here:
a short sword; a robe
E - a blue potion You can't see that place. [a sparkling altar of Nemelex Xobeh.]
You open the door.
Found a stone staircase leading up.
You can't see that place. [Stash: 16 stones] [the floor.]
An ogre comes into view. It is wielding a giant spiked club.
The ogre shouts!
There is an open door here.
You slash the ogre! You block the ogre's attack.
You slash the ogre!
The ogre hits you with a giant spiked club!!
You die...

, ░ ▒▒▒▒▒ ▒.▒▒▒▒.▒▒▒▒. ,
▒▒...▒▒▒▒.▒▒▒▒.▒▒▒▒.
▒................... ░,
░▒...............)...
▒................... ,
▒.........⌠.⌠....... ▒.
▒▒▒...▒▒▒.._..▒..▒▒▒
▒▒...▒▒▒...▒▒▒.⌠.⌠.▒..▒▒▒
▒......Og.....<..........
▒......▒.................
▒......▒.................
░▒▒<...▒▒..........▒▒...▒▒
▒..▒▒ ▒..........▒▒...▒
▒(.░ ▒................▒, ,
▒. ▒▒...▒▒..........▒ ▒
▒...▒▒.....(....+
▒....░▒▒▒▒▒+▒▒▒▒▒▒


You could see an ogre.

Vanquished Creatures
  2 ogres (D:4)
  Blork the orc (D:4)
  2 orc wizards (D:3)
  2 worker ants
  4 adders
  An ooze (D:3)
  2 worms
  A leopard gecko (D:2)
  8 orcs (D:3)
  5 bats
  5 giant cockroaches
  8 goblins
  7 hobgoblins
  10 jackals
  7 kobolds
  A ball python (D:2)
  3 frilled lizards
  6 rats
75 creatures vanquished.

Notes
Turn   | Place    | Note
-------+----------+-------------------------------------------
     0 | D:1      | Jesseh the Deep Dwarf Fighter began the quest for the Orb.
     0 | D:1      | Reached XP level 1. HP: 20/20 MP: 1/1
   314 | D:1      | Reached XP level 2. HP: 24/27 MP: 2/2
   425 | D:1      | Found a snail-covered altar of Cheibriados.
  1050 | D:2      | Reached skill level 3 in Fighting
  1050 | D:2      | Reached skill level 3 in Axes
  1052 | D:2      | Reached XP level 3. HP: 25/34 MP: 3/3
  1680 | D:3      | Found a basalt altar of Yredelemnul.
  1685 | D:3      | Reached XP level 4. HP: 24/42 MP: 4/4
  1772 | D:3      | Reached skill level 4 in Armour
  1892 | D:3      | Found a faded altar of an unknown god.
  1902 | D:3      | Reached skill level 4 in Axes
  2008 | D:3      | Reached XP level 5. HP: 20/49 MP: 5/5
  2370 | D:3      | Found a glowing silver altar of Zin.
  2674 | D:4      | Noticed an ogre
  2687 | D:4      | Killed an ogre
  2687 | D:4      | Reached skill level 5 in Axes
  2687 | D:4      | Reached XP level 6. HP: 30/57 MP: 6/6
  2693 | D:4      | Found a sparkling altar of Nemelex Xobeh.
  2699 | D:4      | Reached skill level 4 in Fighting
  2765 | D:4      | Noticed Blork the orc
  2783 | D:4      | Killed Blork the orc
  2783 | D:4      | Reached skill level 6 in Axes
  2783 | D:4      | Reached skill level 5 in Armour
  2842 | D:4      | Slain by an ogre

Skill      XL: |  1  2  3  4  5  6 |
---------------+-------------------+-----
Fighting       | 3 4 |  4.1
Axes           | 3 4 5 6 |  6.0
Armour         | 4 5 |  5.0
Shields        | |  3.2

Action                   |  1- 3 |  4- 6 || total
-------------------------+-------+-------++-------
Melee: War axe           |   107 |   137 ||   244
Evoke: Wand              |       |     1 ||     1
  Eat: Chunk             |     3 |     3 ||     6
       Fruit             |       |     1 ||     1
Armor: Scale mail        |    57 |    66 ||   123
Dodge: Dodged            |    42 |    34 ||    76
Block: Shield            |    60 |    56 ||   116

Vault maps used:
D:1:      dpeg_arrival_another_circle, cheibriados_altar_1
D:3:      marbit_many_paths, yredelemnul_altar_generic, ecumenical_altar_2
D:4:      lemuel_round_altar, nemelex_xobeh_ov_fountains_minmay,
          minmay_misc_feat_rows, uniq_blork_the_orc

Table legend:
 A = Turns spent in this place as a percentage of turns spent in the entire game.
 B = Non-inter-level travel turns spent in this place as a percentage of non-inter-level travel turns spent in the entire game.
 C = Inter-level travel turns spent in this place as a percentage of turns spent in this place.
 D = Turns resting spent in this place as a percentage of non-inter-level travel turns spent in this place.
 E = Turns spent auto-exploring this place as a percentage of non-inter-level travel turns spent in this place.
 F = Non-inter-level travel turns spent in this place divided by the number of levels of this place that you've seen.
                   A       B       C       D       E      F
               +-------+-------+-------+-------+-------+----------------------
         Total | 100.0 | 100.0 |   0.5 |   0.0 |   8.4 | 212.2
       Dungeon | 100.0 | 100.0 |   0.5 |   0.0 |   8.4 | 212.2
               +-------+-------+-------+-------+-------+----------------------

Table legend:
 A = Kills in this place as a percentage of kills in entire the game.
 B = Kills by you in this place as a percentage of kills by you in the entire game.
 C = Kills by friends in this place as a percentage of kills by friends in the entire game.
 D = Other kills in this place as a percentage of other kills in the entire game.
 E = Experience gained in this place as a percentage of experience gained in the entire game.
 F = Experience gained in this place divided by the number of levels of this place that you have seen.
                   A       B       C       D       E      F
               +-------+-------+-------+-------+-------+----------------------
         Total | 100.0 | 100.0 |  -nan |  -nan | 100.0 | 168.5
       Dungeon | 100.0 | 100.0 |  -nan |  -nan | 100.0 | 168.5
               +-------+-------+-------+-------+-------+----------------------
